 Dungeon Crawl Stone Soup version 0.23.0 (webtiles) character file.

Game seed: 5499338293781830028

595787 DrEnzyme the Executioner (level 25, -8/236 HPs)
             Began as a Centaur Hunter on Feb 8, 2019.
             Was the Champion of Okawaru.
             Splashed by a caustic shrike's acid (11 damage)
             ... on level 4 of the Depths on Feb 10, 2019.
             The game lasted 02:46:21 (66845 turns).

DrEnzyme the Executioner (Centaur Hunter)          Turns: 66845, Time: 02:46:22

Health: -8/236     AC: 41    Str: 27      XL:     25   Next: 81%
Magic:  30/31      EV: 11    Int: 17 (19) God:    Okawaru [******]
Gold:   2323       SH:  0    Dex: 29      Spells: 23/24 levels left

rFire    + + .     SeeInvis .   b - +6 executioner's axe (freeze)
rCold    + . .     Gourm    .   (shield currently unavailable)
rNeg     + + .     Faith    .   C - +11 chain mail "Qeruwn" {rC+ Int+3}
rPois    +         Spirit   .   m - +0 hat of the Pleiades {rPois rC++ Regen+ Dex-3}
rElec    +         Reflect  .   u - +0 cloak "Jaxuelav" {-Cast *Corrode rElec Dex+8}
rCorr    .         Harm     .   z - +0 pair of gloves "Piaro" {MR- Int+3 Dex+2 Slay+2}
MR       +....     NoCast   +   h - +10 Black Knight's horse barding {ponderous, rPois rN+}
Stlth    ..........             X - macabre finger necklace {rN+}
HPRegen  0.89/turn              R - ring "Mitahoz" {+Blink rPois rF+ rC- Str+9}
MPRegen  0.22/turn              r - ring "Iklese" {rF+ MR+ AC-2 Int+3 Dex+3}
                                P - ring "Roafyh" {+Inv +Fly rElec rC- AC+2}

@: finesse, quick
A: large, hooves 3, deformed body, speed 2, tough skin 3, sturdy frame 1
}: 4/15 runes: decaying, serpentine, slimy, silver
a: Heroism, Finesse, Renounce Religion, Evoke Blink, Evoke Invisibility, Evoke
Flight


You were on level 4 of the Depths.
You worshipped Okawaru.
Okawaru was exalted by your worship.
You were not hungry.

You visited 9 branches of the dungeon, and saw 49 of its levels.
You visited the Abyss 3 times.
You also visited: Gauntlet.

You collected 7225 gold pieces.
You spent 4902 gold pieces at shops.

Inventory:

Hand Weapons
 a - a +9 longbow of freezing
 b - a +6 executioner's axe of freezing (weapon)
 c - a +9 longbow of holy wrath
Missiles
 d - 653 arrows
Armour
 h - the +10 Black Knight's horse barding (worn) {ponderous, rPois rN+}
   (You bought it in a shop on level 9 of the Dungeon)

   It protects you from poison.
   It protects you from negative energy.
 m - the +0 hat of the Pleiades (worn) {rPois rC++ Regen+ Dex-3}
   (You found it on level 5 of the Vaults)

   It affects your dexterity (-3).
   It greatly protects you from cold.
   It protects you from poison.
   It increases your rate of regeneration.
 u - the +0 cloak "Jaxuelav" (worn) {-Cast *Corrode rElec Dex+8}
   (You bought it in a shop on level 2 of the Snake Pit)

   It affects your dexterity (+8).
   It insulates you from electricity.
   It prevents spellcasting.
   It may corrode you when you take damage.
 z - the +0 pair of gloves "Piaro" (worn) {MR- Int+3 Dex+2 Slay+2}
   (You found it on level 4 of the Depths)

   It affects your intelligence (+3).
   It affects your dexterity (+2).
   It affects your accuracy and damage with ranged weapons and melee attacks
   (+2).
   It affects your resistance to hostile enchantments.
 C - the +11 chain mail "Qeruwn" (worn) {rC+ Int+3}
   (You found it on level 14 of the Dungeon)

   It affects your intelligence (+3).
   It protects you from cold.
 J - a +2 pair of gloves
Jewellery
 r - the ring "Iklese" (right hand) {rF+ MR+ AC-2 Int+3 Dex+3}
   (You bought it in a shop on level 2 of the Vaults)

   [ring of protection]

   It affects your AC (-2).
   It affects your intelligence (+3).
   It affects your dexterity (+3).
   It protects you from fire.
   It affects your resistance to hostile enchantments.
 A - the ring "Tudaote" {MR+ Int+7 Dex-5}
   (You acquired it on level 10 of the Dungeon)

   [ring of protection from magic]

   It affects your intelligence (+7).
   It affects your dexterity (-5).
   It affects your resistance to hostile enchantments.
 H - a +5 ring of slaying
 L - the amulet of the Air {Inacc +Fly rElec EV+5 RMsl}
   (You bought it in a shop on level 3 of the Elven Halls)

   [amulet of inaccuracy]

   It reduces the accuracy of all your attacks.
   It affects your evasion (+5).
   It insulates you from electricity.
   It lets you fly.
   It protects you from missiles.
 O - an uncursed ring of see invisible
 P - the ring "Roafyh" (on amulet) {+Inv +Fly rElec rC- AC+2}
   (You took it off an efreet on level 8 of the Dungeon)

   [ring of protection]

   It affects your AC (+2).
   It makes you vulnerable to cold.
   It insulates you from electricity.
   It lets you turn invisible.
   It lets you fly.
 R - the ring "Mitahoz" (left hand) {+Blink rPois rF+ rC- Str+9}
   (You found it on level 2 of the Abyss)

   [ring of poison resistance]

   It affects your strength (+9).
   It protects you from fire.
   It makes you vulnerable to cold.
   It protects you from poison.
   It lets you blink.
 X - the macabre finger necklace (around neck) {rN+}
   (You found it on level 3 of the Elven Halls)

   [amulet of nothing]

   It protects you from negative energy.
Wands
 e - a wand of acid (10)
 B - a wand of digging (7)
 G - a wand of iceblast (67)
 I - a wand of paralysis (35)
 K - a wand of enslavement (22)
 S - a wand of clouds (6)
Scrolls
 g - 2 scrolls of immolation
 i - 6 scrolls of identify
 p - 11 scrolls of fog
 s - 11 scrolls of teleportation
 t - 2 scrolls of magic mapping
 v - a scroll of enchant weapon
 y - 4 scrolls of fear
 E - 22 scrolls of remove curse
 F - a scroll of blinking
 M - a scroll of holy word
 N - 2 scrolls of silence
 T - a scroll of summoning
Potions
 j - 6 potions of haste
 k - 4 potions of invisibility
 n - 7 potions of flight
 w - 5 potions of might
 D - 16 potions of curing
 Q - 3 potions of agility
 U - 5 potions of mutation
 W - 2 potions of resistance
 Z - a potion of cancellation
Miscellaneous
 l - a lightning rod (4/4)
 o - 5 phantom mirrors
 q - a box of beasts
 x - a phial of floods
Comestibles
 f - 80 rations


   Skills:
 - Level 21.4 Fighting
 - Level 26.0 Axes
 - Level 21.9 Bows
 - Level 2.4 Throwing
 - Level 11.9 Armour
 + Level 6.5 Dodging
 - Level 0.4 Stealth
 - Level 10.0 Invocations
 - Level 10.9 Evocations


You had 23 spell levels left.
You knew the following spells:

 Your Spells              Type           Power        Failure   Level  Hunger
a - Confusing Touch       Hex            #.....       56%         1    ##.....

Your spell library contained the following spells:

 Spells                   Type           Power        Failure   Level  Hunger
 Animate Skeleton         Necr           N/A          56%         1    ##.....
 Apportation              Tloc           #.....       56%         1    ##.....
 Beastly Appendage        Tmut           #.....       56%         1    ##.....
 Corona                   Hex            #......      56%         1    ##.....
 Flame Tongue             Conj/Fire      #....        56%         1    ##.....
 Infusion                 Chrm           #...         56%         1    ##.....
 Magic Dart               Conj           #...         56%         1    ##.....
 Pain                     Necr           #...         56%         1    ##.....
 Sandblast                Erth           #.....       56%         1    ##.....
 Shock                    Conj/Air       #...         56%         1    ##.....
 Summon Butterflies       Summ           #.......     56%         1    ##.....
 Summon Small Mammal      Summ           #...         56%         1    ##.....
 Blink                    Tloc           N/A          71%         2    ###....
 Call Imp                 Summ           #.......     71%         2    ###....
 Corpse Rot               Necr           N/A          71%         2    ###....
 Ensorcelled Hibernation  Hex/Ice        #.....       71%         2    ###....
 Passwall                 Tmut/Erth      #.......     71%         2    ###....
 Poisonous Vapours        Pois/Air       #.....       71%         2    ###....
 Searing Ray              Conj           #.....       71%         2    ###....
 Shroud of Golubria       Chrm/Tloc      #.........   71%         2    ###....
 Song of Slaying          Chrm           #.......     71%         2    ###....
 Sticks to Snakes         Tmut           #.......     71%         2    ###....
 Sublimation of Blood     Necr           #.........   71%         2    ###....
 Swiftness                Chrm/Air       #.......     71%         2    ###....
 Throw Flame              Conj/Fire      #.....       71%         2    ###....
 Call Canine Familiar     Summ           #.......     90%         3    ####...
 Confuse                  Hex            #.......     90%         3    ####...
 Conjure Flame            Conj/Fire      #.......     90%         3    ####...
 Dazzling Spray           Conj/Hex       #.....       90%         3    ####...
 Gell's Gravitas          Tloc           #.........   90%         3    ####...
 Ignite Poison            Fire/Tmut/Pois #.......     90%         3    ####...
 Inner Flame              Hex/Fire       #.......     90%         3    ####...
 Lesser Beckoning         Tloc           #.........   90%         3    ####...
 Mephitic Cloud           Conj/Pois/Air  #.......     90%         3    ####...
 Portal Projectile        Hex/Tloc       #.....       90%         3    ####...
 Recall                   Summ/Tloc      N/A          90%         3    ####...
 Regeneration             Chrm/Necr      #.........   90%         3    ####...
 Spectral Weapon          Hex/Chrm       #.......     90%         3    ####...
 Spider Form              Tmut/Pois      #.........   90%         3    ####...
 Static Discharge         Conj/Air       #.......     90%         3    ####...
 Stone Arrow              Conj/Erth      #.....       90%         3    ####...
 Summon Guardian Golem    Hex/Summ       #.......     90%         3    ####...
 Teleport Other           Tloc           #.......     90%         3    ####...
 Tukima's Dance           Hex            #.......     90%         3    ####...
 Vampiric Draining        Necr           #.........   90%         3    ####...
 Airstrike                Air            #.........   100%        4    #####..
 Animate Dead             Necr           N/A          100%        4    #####..
 Cause Fear               Hex            #.........   100%        4    #####..
 Force Lance              Conj/Tloc      #.......     100%        4    #####..
 Fulminant Prism          Conj/Hex       #.........   100%        4    #####..
 Ice Form                 Ice/Tmut       #.......     100%        4    #####..
 Iskenderun's Mystic Bla  Conj           #.......     100%        4    #####..
 Leda's Liquefaction      Hex/Erth       #.........   100%        4    #####..
 Passage of Golubria      Tloc           N/A          100%        4    #####..
 Petrify                  Tmut/Erth      #.......     100%        4    #####..
 Sticky Flame             Conj/Fire      #.......     100%        4    #####..
 Summon Ice Beast         Ice/Summ       #.......     100%        4    #####..
 Summon Lightning Spire   Summ/Air       #.......     100%        4    #####..
 Agony                    Necr           #.......     100%        5    ######.
 Alistair's Intoxication  Tmut/Pois      #.......     100%        5    ######.
 Aura of Abjuration       Summ           #.........   100%        5    ######.
 Blade Hands              Tmut           #.........   100%        5    ######.
 Bolt of Draining         Conj/Necr      #.........   100%        5    ######.
 Bolt of Magma            Conj/Fire/Erth #.........   100%        5    ######.
 Borgnjor's Vile Clutch   Necr/Erth      #.........   100%        5    ######.
 Dispel Undead            Necr           #.......     100%        5    ######.
 Excruciating Wounds      Chrm/Necr      #.........   100%        5    ######.
 Fireball                 Conj/Fire      #.........   100%        5    ######.
 Irradiate                Conj/Tmut      #.........   100%        5    ######.
 Iskenderun's Battlesphe  Conj/Chrm      #.......     100%        5    ######.
 Lee's Rapid Deconstruct  Erth           #.........   100%        5    ######.
 Lightning Bolt           Conj/Air       #.........   100%        5    ######.
 Metabolic Englaciation   Hex/Ice        #.........   100%        5    ######.
 Silence                  Hex/Air        #.........   100%        5    ######.
 Summon Forest            Summ/Tloc      #.........   100%        5    ######.
 Summon Mana Viper        Hex/Summ       #.......     100%        5    ######.
 Venom Bolt               Conj/Pois      #.........   100%        5    ######.
 Yara's Violent Unravell  Hex/Tmut       #.........   100%        5    ######.
 Bolt of Cold             Conj/Ice       #.........   100%        6    #######
 Bolt of Fire             Conj/Fire      #.........   100%        6    #######
 Conjure Ball Lightning   Conj/Air       #.........   100%        6    #######
 Darkness                 Hex            #.........   100%        6    #######
 Death Channel            Necr           #.........   100%        6    #######
 Deflect Missiles         Chrm/Air       #.........   100%        6    #######
 Freezing Cloud           Conj/Ice/Air   #.........   100%        6    #######
 Hydra Form               Tmut           #.........   100%        6    #######
 Iron Shot                Conj/Erth      #.........   100%        6    #######
 Ozocubu's Refrigeration  Ice            #.........   100%        6    #######
 Poison Arrow             Conj/Pois      #.........   100%        6    #######
 Shadow Creatures         Summ           N/A          100%        6    #######
 Simulacrum               Ice/Necr       #.........   100%        6    #######
 Dragon Form              Tmut           #.........   100%        7    #######
 Haunt                    Necr/Summ      #.........   100%        7    #######
 Malign Gateway           Summ/Tloc      #.........   100%        7    #######
 Orb of Destruction       Conj           #.........   100%        7    #######
 Ring of Flames           Chrm/Fire      #.........   100%        7    #######
 Spellforged Servitor     Conj/Summ      #.........   100%        7    #######
 Summon Hydra             Summ           #.........   100%        7    #######
 Borgnjor's Revivificati  Necr           #.........   100%        8    #######
 Chain Lightning          Conj/Air       #.........   100%        8    #######
 Controlled Blink         Tloc           N/A          100%        8    #######
 Death's Door             Chrm/Necr      #.........   100%        8    #######
 Discord                  Hex            #.........   100%        8    #######
 Ignition                 Fire           #.........   100%        8    #######
 Infestation              Necr           #.........   100%        8    #######
 Lehudib's Crystal Spear  Conj/Erth      #.........   100%        8    #######
 Necromutation            Tmut/Necr      #.........   100%        8    #######
 Dragon's Call            Summ           #.........   100%        9    #######
 Fire Storm               Conj/Fire      #.........   100%        9    #######
 Glaciate                 Conj/Ice       #.........   100%        9    #######
 Shatter                  Erth           #.........   100%        9    #######
 Tornado                  Air            #.........   100%        9    #######


Dungeon Overview and Level Annotations

Branches:
Dungeon (15/15)            Temple (0/1) D:4            Lair (6/6) D:8
  Swamp (4/4) Lair:2        Snake (4/4) Lair:4        Slime (5/5) Lair:5
    Orc (2/2) D:10            Elf (3/3) Orc:2        Vaults (5/5) D:14
  Crypt (0/3) Vaults:3     Depths (5/5) D:15
    Zot: Depths:5

Altars:
Ashenzari
Cheibriados
Dithmenos
Gozag
Hepliaklqana
Kikubaaqudgha
Nemelex Xobeh
Okawaru
Qazlal
Trog
Vehumet
Wu Jian
Xom
Yredelemnul
Zin
The Shining One
Beogh
Jiyva
Lugonu

Shops:
D:9 [!   Orc:2 **[[(!   Elf:3 =   Snake:2 [   Snake:3 !%*}   Vaults:2 *=([
Depths:2 *

Portals:
Hell: Depths:1 Depths:2 Depths:3 Depths:4
Abyss: Depths:2* Depths:3 Depths:4
Pandemonium: Depths:2 Depths:3 Depths:5
Ziggurat: Depths:5
Trove: D:14 (give 6 scrolls of blinking)

Annotations:
D:2 1 runed translucent door, Crazy Yiuf
D:8 2 runed translucent doors
D:10 3 runed translucent doors, Plog's ghost, journeyman MiBe
Lair:4 1 runed translucent door, Kyusiynim's ghost, journeyman GnEn
Swamp:1 exclusion: 2 downstairs
Swamp:3 exclusion: downstairs
Snake:2 4 transporters
Slime:4 exclusion: downstairs
Orc:1 1 runed translucent door, Sucvi's ghost, journeyman MiFi
Elf:2 3 runed translucent doors, exclusion: downstairs
Depths:1 exclusion: 2 downstairs
Depths:2 1 runed translucent door
Depths:5 exclusion: door


Innate Abilities, Weirdness & Mutations

You have hooves in place of feet.
Armour fits poorly on your strangely shaped body.
You cover ground very quickly.
You have extremely tough skin. (AC +3)
Your movements are slightly less encumbered by armour. (ER -2)


Message History

There is a large open door here.
The caustic shrike barely misses you.
The caustic shrike claws you but does no damage.
The caustic shrike claws you.
* * * LOW HITPOINT WARNING * * *
You are splashed with acid!
* * * LOW HITPOINT WARNING * * *
Your magical effects are unravelling.
You feel magically purged.
Your magical contamination has completely faded away.
You are no longer corroded.
The caustic shrike claws you!
* * * LOW HITPOINT WARNING * * *
You are splashed with acid.
* * * LOW HITPOINT WARNING * * *
The caustic shrike claws you but does no damage. x2
The caustic shrike claws you!
* * * LOW HITPOINT WARNING * * *
You are splashed with acid!
You die...

### ##.# ##..#
#########
#####.8.###8#8#88#8
#.......#..........
#.<.....'.....[....
#.@....['..........
##bbb⌠...#..........
##........###8#8#88#8
##.8.....>.#
#########
#..........#
#####''##### ##
##....## ##. #8....8#
###.. ##....## ##(...


You could see 3 caustic shrikes.

Vanquished Creatures
  the Royal Jelly (Slime:5)
  A juggernaut (Depths:4)
  An ancient lich (Depths:2)
  2 golden dragons (Depths:4)
  Nikola (Elf:3)
  2 profane servitors (Abyss:4)
  2 bone dragons (Abyss:4)
  5 liches
  Asterion (Vaults:1)
  2 tentacled monstrosities (Vaults:5)
  7 titans (Vaults:5)
  3 deep elf master archers (Elf:3)
  4 deep elf blademasters (Elf:3)
  6 quicksilver dragons
  21 acid blobs
  An acid blob (shapeshifter) (Vaults:5)
  3 sphinxes
  6 tentacled starspawn
  8 storm dragons
  A thorn hunter (Swamp:3)
  The ghost of Polaczum the Brawler, an adept TrMo of Nemelex Xobeh (Depths:2)
  Kirke (Swamp:3)
  6 tengu reavers
  3 shadow dragons
  9 nagarajas (Snake:4)
  12 azure jellies
  19 frost giants
  2 orc warlords
  5 fire giants
  2 iron dragons
  11 deep elf sorcerers
  2 balrugs
  20 vault wardens
  2 deep elf elementalists
  A juggernaut skeleton (Depths:3)
  21 ironheart preservers
  A war gargoyle (Vaults:5)
  A spriggan defender (Depths:3)
  18 stone giants
  23 very ugly things
  11 deep elf demonologists
  A green draconian (Depths:5)
  5 vampire knights
  8 deep elf annihilators
  2 purple draconians (Depths:5)
  2 spark wasps (Depths:4)
  A blizzard demon (Depths:4)
  9 fire dragons
  A quicksilver dragon zombie (Depths:3)
  13 ettins
  2 green deaths (Snake:3)
  8 death oozes
  7 deep elf high priests
  23 yaktaur captains
  9 deep elf death magi
  Erolcha (Orc:1)
  11 great orbs of eyes
  26 vault guards
  7 ice dragons
  13 naga warriors
  A monstrous demonspawn (Depths:2)
  5 rakshasas
  A hell beast (Depths:5)
  A juggernaut simulacrum (Depths:2)
  A ghost crab (Swamp:1)
  20 hydras
  A catoblepas (Lair:4)
  2 spriggan air magi
  3 shambling mangroves (Swamp:4)
  5 death knights
  43 two-headed ogres
  12 dancing weapons
  5 alligators
  5 anacondas
  9 centaur warriors
  5 death yaks (Lair:5)
  7 deep troll shamans
  8 deep troll earth magi
  18 tengu warriors
  11 ogre magi
  2 vampire magi (Depths:2)
  4 thrashing horrors (Abyss:4)
  12 spriggan berserkers
  9 naga sharpshooters
  7 hell hogs
  6 shock serpents
  16 deep elf knights
  3 orc high priests
  9 hell knights
  4 soul eaters
  5 sun demons
  4 iron trolls (Depths:1)
  A sixfirhy (Abyss:2)
  A shadow wraith (Abyss:4)
  4 wretched stars
  6 sea snakes (Snake:4)
  2 salamander mystics
  A death drake (Depths:5)
  5 flayed ghosts
  3 spriggan druids (Swamp:4)
  9 skeletal warriors
  A quicksilver dragon simulacrum (Depths:4)
  2 unseen horrors
  3 shadow demons
  25 deep trolls
  10 glowing orange brains
  6 swamp dragons (Swamp:4)
  An orange crystal statue (Depths:1)
  5 phantasmal warriors
  A gelid demonspawn (Depths:5)
  33 starcursed masses
  15 deep elf archers
  6 wizards
  10 naga ritualists
  10 ironbrand convokers
  2 harpies (shapeshifter)
  A golden dragon skeleton (Depths:3)
  An orb spider (shapeshifter) (Vaults:3)
  7 lindwurms (Depths:5)
  8 necromancers
  57 deep elf magi
  12 harpies
  13 orc knights
  A wolf spider zombie (D:14)
  6 mana vipers
  5 wolf spiders
  4 oklob plants (Lair:1)
  4 orc sorcerers
  7 cyclopes
  42 ugly things
  6 salamanders
  An elephant (shapeshifter) (Vaults:4)
  6 shining eyes
  3 worldbinders
  2 manticores
  A manticore (shapeshifter) (Vaults:5)
  9 rust devils
  2 frost giant skeletons
  4 human skeletons (Vaults:1)
  A black mamba (shapeshifter) (Vaults:5)
  An eye of devastation (Slime:4)
  2 apocalypse crabs
  24 black mambas
  20 vault sentinels
  Maurice (Orc:2)
  9 guardian serpents
  9 naga magi
  A gargoyle (D:11)
  16 spiny frogs
  An ice statue (Depths:4)
  Psyche (D:10)
  2 smoke demons
  A yaktaur zombie (Vaults:1)
  2 orange demons
  2 rime drakes (Lair:2)
  16 freezing wraiths
  A hellion (Abyss:4)
  8 efreet
  2 kobold demonologists (Abyss:4)
  81 yaktaurs
  2 yaktaurs (shapeshifter)
  6 komodo dragons
  3 ice devils
  A queen bee (Lair:2)
  7 ancient zymes
  8 trolls
  5 red devils
  4 tengu conjurers
  5 polar bears
  2 yaktaur skeletons (Vaults:1)
  12 tyrant leeches
  3 meliai (D:14)
  A queen bee (shapeshifter) (Depths:3)
  Grinder (D:5)
  8 bog bodies
  11 blink frogs
  19 hornets
  5 dream sheep (Lair:5)
  3 hippogriffs
  A meliai zombie (D:12)
  A fire dragon zombie (Abyss:4)
  13 raiju
  2 hippogriffs (shapeshifter)
  85 slime creatures
  A raiju (shapeshifter) (Vaults:3)
  3 flying skulls (Depths:4)
  Sigmund (D:5)
  A fire giant simulacrum (Depths:3)
  5 spriggans
  An ettin skeleton (Abyss:4)
  3 spriggans (shapeshifter)
  6 shadows
  2 humans (shapeshifter)
  A tarantella (shapeshifter) (Vaults:1)
  Eustachio (D:4)
  A fire bat (shapeshifter) (Vaults:1)
  27 yaks
  3 water elementals
  3 hogs (Swamp:3)
  7 wyverns
  2 ynoxinuls (Abyss:4)
  A golden eye (shapeshifter) (Depths:3)
  11 wraiths
  22 humans (D:14)
  2 chaos spawn (Abyss:4)
  7 fire elementals
  6 basilisks
  6 golden eyes
  4 neqoxecs
  10 vampire mosquitoes
  Menkaure (D:6)
  15 large abominations
  47 nagas
  A soldier ant (D:10)
  18 swamp worms
  6 wargs
  18 insubstantial wisps
  A soldier ant (shapeshifter) (D:14)
  Duvessa (D:7)
  An acid dragon (D:11)
  A water moccasin (shapeshifter) (Vaults:1)
  2 hell hounds (Depths:4)
  13 water moccasins
  3 floating eyes
  12 porcupines
  16 swamp drakes
  A black bear (Lair:3)
  5 sky beasts
  5 ice beasts
  53 orc warriors
  A human zombie (Vaults:1)
  A black bear (shapeshifter) (Vaults:1)
  2 ettin simulacra
  4 eyes of draining
  41 ogres
  A phantom (D:7)
  9 boggarts
  9 centaurs
  A wolf (shapeshifter) (Vaults:5)
  11 small abominations
  12 wolves
  11 crocodiles
  3 big kobolds
  Blork the orc (D:6)
  3 elf zombies (Elf:1)
  17 bullfrogs
  3 gnoll sergeants
  A wyvern zombie (D:14)
  An earth elemental (Elf:2)
  An ogre simulacrum (Vaults:1)
  2 scorpions (D:4)
  Dowan (D:7)
  57 killer bees
  7 wights
  4 howler monkeys
  2 electric eels (Lair:3)
  7 crimson imps
  6 centaur zombies
  6 quasits
  2 iron imps
  4 bullfrog zombies
  10 hounds
  8 jellies
  21 orc priests
  4 centaur skeletons
  28 orc wizards
  Natasha (thrice) (D:3)
  4 iguanas
  14 worker ants
  A hell rat (Lair:2)
  A hound zombie (D:7)
  2 mummies (D:14)
  16 gnolls
  A howler monkey skeleton (D:8)
  2 worker ant zombies
  13 adders
  A river rat (Lair:2)
  4 shadow imps
  4 white imps
  4 ufetubi
  8 oozes
  An adder zombie (D:8)
  2 worms (D:2)
  3 dart slugs
  5 leopard geckos
  104 orcs
  6 giant cockroaches
  5 goblins
  6 hobgoblins
  A jackal (D:8)
  25 kobolds
  4 quokkas
  2 ball pythons
  10 bats
  6 frilled lizards
  A giant cockroach zombie (D:6)
  A jackal skeleton (D:5)
  A jackal zombie (D:5)
  A leopard gecko skeleton (D:6)
  A quokka skeleton (D:7)
  3 rats (D:1)
  2 crawling corpses (Vaults:2)
  4 fungi (Lair:2)
  3 plants
  2 starspawn tentacles (Abyss:4)
2351 creatures vanquished.

Vanquished Creatures (collateral kills)
  An anaconda (Snake:4)
  A naga sharpshooter (Snake:4)
  A sea snake (Snake:4)
  A mana viper (Snake:4)
  A vampire mosquito (Lair:1)
  A killer bee (Lair:2)
6 creatures vanquished.

Vanquished Creatures (others)
  A sphinx (Vaults:5)
  A quicksilver dragon simulacrum (Depths:4)
  A queen bee (Lair:2)
  A raiju (Depths:5)
  A water elemental (Abyss:4)
  A large abomination (Abyss:5)
  A naga (Snake:4)
  2 ettin simulacra (Depths:4)
  An adder (D:8)
  4 demonic plants (Gauntlet)
  A lurking horror (Abyss:4)
  8 plants
  9 starspawn tentacles
  2 withered plants (D:14)
34 creatures vanquished.

Grand Total: 2391 creatures vanquished

Notes
Turn   | Place    | Note
-------+----------+-------------------------------------------
     0 | D:1      | DrEnzyme the Centaur Hunter began the quest for the Orb.
     0 | D:1      | Reached XP level 1. HP: 17/17 MP: 1/1
   112 | D:1      | Reached XP level 2. HP: 24/24 MP: 2/2
   570 | D:1      | Reached XP level 3. HP: 27/30 MP: 3/3
  1167 | D:2      | Found a sparkling altar of Nemelex Xobeh.
  1167 | D:2      | Found an opulent altar of Gozag.
  1218 | D:2      | Found a runed translucent door.
  1219 | D:2      | Noticed Crazy Yiuf
  1306 | D:2      | Found a glowing golden altar of the Shining One.
  1371 | D:2      | Became a worshipper of the Shining One
  1503 | D:3      | Found an ornate altar of the Wu Jian Council.
  1585 | D:3      | Noticed Natasha
  1824 | D:3      | Found an iron altar of Okawaru.
  2007 | D:3      | Found a glowing silver altar of Zin.
  2016 | D:3      | Killed Natasha
  2016 | D:3      | Reached XP level 4. HP: 35/37 MP: 4/4
  2074 | D:3      | Noticed Natasha
  2077 | D:3      | Killed Natasha
  2545 | D:4      | Noticed an ogre
  2550 | D:4      | Killed an ogre
  2550 | D:4      | Reached skill level 1 in Armour
  2550 | D:4      | Reached XP level 5. HP: 44/44 MP: 5/5
  2586 | D:4      | Found a bloodstained altar of Trog.
  2587 | D:4      | Noticed Eustachio
  2825 | D:3      | Noticed Natasha
  2834 | D:3      | Killed Natasha
  2834 | D:3      | Reached * piety under the Shining One
  2834 | D:3      | Reached XP level 6. HP: 46/51 MP: 4/6
  3006 | D:4      | Found an ancient bone altar of Kikubaaqudgha.
  3070 | D:4      | Reached XP level 7. HP: 54/59 MP: 7/7
  3075 | D:4      | Gained mutation: Your mind is acute. (Int +2) [potion of
                  | mutation]
  3075 | D:4      | Gained mutation: Your muscles are strong. (Str +2) [potion
                  | of mutation]
  3208 | D:4      | Killed Eustachio
  3208 | D:4      | Reached skill level 10 in Bows
  3250 | D:4      | Found a staircase to the Ecumenical Temple.
  3414 | D:4      | Found a shimmering altar of Xom.
  3415 | D:4      | Found a hazy altar of Hepliaklqana.
  3416 | D:4      | Noticed a spectral ugly thing
  3624 | D:4      | Found a snail-covered altar of Cheibriados.
  3651 | D:5      | Entered Level 5 of the Dungeon
  3654 | D:5      | Reached skill level 5 in Fighting
  3764 | D:5      | Reached XP level 8. HP: 68/68 MP: 8/8
  3896 | D:5      | Noticed Grinder
  3906 | D:5      | Killed Grinder
  3992 | D:5      | Noticed an air elemental
  3994 | D:5      | Found a stormy altar of Qazlal.
  4063 | D:5      | Noticed Sigmund
  4068 | D:5      | Killed Sigmund
  4148 | D:5      | Reached ** piety under the Shining One
  4839 | D:6      | Reached XP level 9. HP: 75/75 MP: 9/9
  4874 | D:6      | Learned a level 1 spell: Confusing Touch
  5097 | D:6      | Noticed Menkaure
  5104 | D:6      | Killed Menkaure
  5130 | D:6      | Noticed Blork the orc
  5143 | D:6      | Killed Blork the orc
  5407 | D:7      | Reached *** piety under the Shining One
  5437 | D:7      | Reached skill level 1 in Axes
  5500 | D:7      | Noticed Dowan
  5503 | D:7      | Noticed Duvessa
  5511 | D:7      | Killed Dowan
  5577 | D:7      | Killed Duvessa
  5820 | D:7      | Found a radiant altar of Vehumet.
  6088 | D:8      | Reached skill level 1 in Throwing
  6136 | D:8      | Found a large runed translucent door.
  6141 | D:8      | Reached skill level 2 in Axes
  6156 | D:8      | Found a large runed translucent door.
  6166 | D:8      | Found a large runed translucent door.
  6166 | D:8      | Found a large runed translucent door.
  6168 | D:8      | Noticed a two-headed ogre
  6306 | D:8      | Reached XP level 10. HP: 70/86 MP: 10/10
  6307 | D:8      | Noticed a harpy
  6315 | D:8      | Killed a harpy
  6315 | D:8      | Reached skill level 3 in Axes
  6377 | D:8      | Identified the cursed +0 war axe "Siqaushru" {distort,
                  | +Blink} (You found it on level 8 of the Dungeon)
  6466 | D:8      | Killed a two-headed ogre
  6466 | D:8      | Reached skill level 4 in Axes
  6750 | D:8      | Found a staircase to the Lair.
  6854 | D:8      | Reached skill level 15 in Bows
  7156 | D:8      | Reached **** piety under the Shining One
  7253 | D:8      | Noticed a two-headed ogre
  7261 | D:8      | Killed a two-headed ogre
  7261 | D:8      | Reached skill level 5 in Axes
  7488 | D:8      | Noticed a purple ugly thing
  7816 | D:9      | Found Cheibriados's Comfort Zone.
  7816 | D:9      | Found a snail-covered altar of Cheibriados.
  7933 | D:9      | Found Dagausef's Distillery.
  7941 | D:9      | Bought a potion of might for 56 gold pieces
  7941 | D:9      | Bought a potion of degeneration for 14 gold pieces
  7956 | D:9      | Reached XP level 11. HP: 95/95 MP: 11/11
  8288 | D:10     | Entered Level 10 of the Dungeon
  8458 | D:10     | Found a staircase to the Orcish Mines.
  8530 | D:10     | Noticed a two-headed ogre
  8541 | D:10     | Killed a two-headed ogre
  8581 | D:10     | Noticed Psyche
  8583 | D:10     | Killed Psyche
  8673 | D:10     | Noticed an unseen horror
  8681 | D:10     | Killed an unseen horror
  8801 | D:10     | Found a runed translucent gate.
  8801 | D:10     | Found a runed translucent gate.
  8802 | D:10     | Found a runed translucent gate.
  8804 | D:10     | Noticed Plog's ghost (journeyman MiBe)
  8950 | D:10     | Reached skill level 6 in Axes
  9284 | D:11     | Reached skill level 10 in Fighting
  9344 | D:11     | Reached ***** piety under the Shining One
  9680 | D:11     | Noticed a two-headed ogre
  9697 | D:11     | Killed a two-headed ogre
  9760 | D:11     | Noticed a red ugly thing
  9773 | D:11     | Killed a red ugly thing
  9773 | D:11     | Reached skill level 1 in Evocations
  9968 | D:11     | Noticed a two-headed ogre
  9985 | D:11     | Killed a two-headed ogre
 10279 | Lair:1   | Entered Level 1 of the Lair of Beasts
 10409 | Lair:1   | Reached XP level 12. HP: 87/108 MP: 10/12
 10774 | Lair:1   | Reached skill level 7 in Axes
 12006 | Lair:2   | Found a staircase to the Swamp.
 12011 | Lair:2   | Found the +10 morningstar "Eos" {elec, Halo rElec}
 12322 | Lair:2   | Noticed a five-headed hydra
 12340 | Lair:2   | Killed a five-headed hydra
 12858 | Lair:1   | Reached skill level 8 in Axes
 13915 | Lair:2   | Reached XP level 13. HP: 118/118 MP: 14/14
 14411 | Lair:3   | Reached skill level 9 in Axes
 15620 | Lair:4   | Found a staircase to the Snake Pit.
 15870 | Lair:4   | Found a runed translucent door.
 15900 | Lair:4   | Noticed Kyusiynim's ghost (journeyman GnEn)
 15900 | Lair:4   | Identified the +9 spear "Caics" {pierce, rN+ Dex+4 Stlth+}
 16499 | Lair:5   | Found a runed translucent door.
 16499 | Lair:5   | Found a viscous altar of Jiyva.
 16504 | Lair:5   | Found a staircase to the Slime Pits.
 17008 | Lair:5   | Reached skill level 10 in Axes
 17817 | Lair:6   | Entered Level 6 of the Lair of Beasts
 18124 | D:12     | Identified 3 scrolls of acquirement
 18221 | D:10     | Got a steaming lapis lazuli ring
 18222 | D:10     | Identified the ring "Tudaote" {MR+ Int+7 Dex-5} (You
                  | acquired it on level 10 of the Dungeon)
 18588 | D:12     | Found a stormy altar of Qazlal.
 18877 | Orc:1    | Entered Level 1 of the Orcish Mines
 18924 | Orc:1    | Reached XP level 14. HP: 127/127 MP: 15/15
 18969 | Orc:1    | Found a runed translucent door.
 18969 | Orc:1    | Noticed Erolcha
 18972 | Orc:1    | Killed Erolcha
 18976 | Orc:1    | Noticed Sucvi's ghost (journeyman MiFi)
 19166 | Orc:2    | Entered Level 2 of the Orcish Mines
 19185 | Orc:2    | Found a gate leading to a gauntlet.
 19195 | Gauntlet | Entered a Gauntlet
 19195 | Gauntlet | Found a transporter.
 19195 | Gauntlet | Found a transporter.
 19199 | Gauntlet | Found a transporter.
 19199 | Gauntlet | Found a transporter.
 19208 | Gauntlet | Found a transporter.
 19229 | Gauntlet | Found a transporter.
 19237 | Gauntlet | Found a transporter.
 19237 | Gauntlet | Found a transporter.
 19241 | Gauntlet | Found a transporter.
 19268 | Gauntlet | Found a transporter.
 19275 | Gauntlet | Found a transporter.
 19293 | Gauntlet | Found a transporter.
 19338 | Gauntlet | Found a transporter.
 19352 | Gauntlet | Found a transporter.
 19453 | Gauntlet | Found a transporter.
 19478 | Gauntlet | Found a transporter.
 19646 | Orc:2    | Found a staircase to the Elven Halls.
 19659 | Orc:2    | Noticed Maurice
 19659 | Orc:2    | Reached ****** piety under the Shining One
 19664 | Orc:2    | Killed Maurice
 19882 | Orc:2    | Found a roughly hewn altar of Beogh.
 19884 | Orc:2    | Found Cepsagh's Antique Armour Shop.
 19890 | Orc:2    | Found Hihad's Mass Market.
 19921 | Orc:2    | Bought a bloodstained leather armour for 203 gold pieces
 19921 | Orc:2    | Identified the +2 leather armour of Freedom {rElec Regen+
                  | Int-3 Stlth+} (You bought it in a shop on level 2 of the
                  | Orcish Mines)
 20045 | Orc:2    | Found a roughly hewn altar of Beogh.
 20058 | Orc:2    | Found Peilawn's Distillery.
 20080 | Orc:2    | Bought 2 potions of curing for 90 gold pieces
 20080 | Orc:2    | Bought a potion of heal wounds for 75 gold pieces
 20080 | Orc:2    | Bought a potion of heal wounds for 75 gold pieces
 20080 | Orc:2    | Bought 2 potions of haste for 300 gold pieces
 20130 | Orc:2    | Found a roughly hewn altar of Beogh.
 20292 | Orc:2    | Found a roughly hewn altar of Beogh.
 20345 | Orc:2    | Found a roughly hewn altar of Beogh.
 20364 | Orc:2    | Found Ryemave's Assorted Antiques.
 20370 | Orc:2    | Bought a scroll of enchant weapon for 180 gold pieces
 20370 | Orc:2    | Bought 2 scrolls of enchant weapon for 360 gold pieces
 20595 | Orc:2    | Noticed an orc warlord
 20629 | Orc:2    | Killed an orc warlord
 20683 | Orc:2    | Found Yczir's Antique Armour Shoppe.
 20685 | Orc:2    | Found a roughly hewn altar of Beogh.
 20689 | Orc:2    | Found Hahe's Antique Weapon Emporium.
 20763 | Orc:2    | Bought a twisted battleaxe for 356 gold pieces
 20763 | Orc:2    | Identified the cursed +1 battleaxe "Agiuw Hint" {chop, rC+
                  | Str+9} (You bought it in a shop on level 2 of the Orcish
                  | Mines)
 21859 | D:8      | Got an ancient copper ring
 21865 | D:8      | Identified the ring "Didwet" {rF+ Stlth+} (You found it on
                  | level 8 of the Dungeon)
 21868 | D:8      | Identified the ring "Roafyh" {+Inv +Fly rElec rC- AC+2}
 21875 | D:8      | Got a translucent tin ring
 21877 | D:8      | Identified the ring of the Scarab {*Tele rN++ MR+ MP-9
                  | Dex+2} (You found it on level 8 of the Dungeon)
 22355 | Swamp:1  | Entered Level 1 of the Swamp
 22674 | Swamp:1  | Found a shadowy altar of Dithmenos.
 23399 | Swamp:1  | Reached skill level 5 in Armour
 24108 | Swamp:3  | Noticed Kirke
 24112 | Swamp:3  | Killed Kirke
 24363 | Swamp:3  | Reached XP level 15. HP: 139/139 MP: 16/16
 24430 | Swamp:3  | Noticed a thorn hunter
 24443 | Swamp:3  | Killed a thorn hunter
 24443 | Swamp:3  | Reached skill level 15 in Fighting
 24939 | Swamp:4  | Entered Level 4 of the Swamp
 25984 | Swamp:4  | Got a decaying rune of Zot
 26909 | D:14     | Found a portal to a secret trove of treasure.
 27246 | D:14     | Identified the +11 chain mail "Qeruwn" {rC+ Int+3} (You
                  | found it on level 14 of the Dungeon)
 27294 | D:14     | Reached XP level 16. HP: 155/155 MP: 17/17
 27386 | D:15     | Entered Level 15 of the Dungeon
 27423 | D:15     | Found a staircase to the Depths.
 28526 | Elf:1    | Entered Level 1 of the Elven Halls
 28682 | Elf:1    | Found an ancient bone altar of Kikubaaqudgha.
 28951 | Elf:1    | Identified the Almanac of the Wild Haggis
 29331 | Elf:2    | Identified a +8 longbow of holy wrath (a +6 longbow blessed
                  | by the Shining One)
 29331 | Elf:2    | Received a gift from the Shining One
 29343 | Elf:2    | Found a runed translucent gate.
 29345 | Elf:2    | Found a runed translucent gate.
 29346 | Elf:2    | Found a runed translucent gate.
 29550 | Elf:2    | Reached skill level 11 in Axes
 29981 | Elf:3    | Entered Level 3 of the Elven Halls
 30679 | Elf:3    | Found Sufaomyt's Jewellery Shoppe.
 30692 | Elf:3    | Bought the amulet of the Air {Inacc +Fly rElec EV+5 RMsl}
                  | for 904 gold pieces
 30692 | Elf:3    | Found the amulet of the Air {Inacc +Fly rElec EV+5 RMsl}
 30893 | Elf:3    | Noticed Nikola
 30908 | Elf:3    | Killed Nikola
 31413 | Elf:3    | Noticed a deep elf blademaster
 31415 | Elf:3    | Reached XP level 17. HP: 164/166 MP: 18/18
 31428 | Elf:3    | Killed a deep elf blademaster
 31758 | Elf:3    | Noticed a deep elf blademaster
 31761 | Elf:3    | Identified the ring "Ariumacs" {Fire Int+2}
 31763 | Elf:3    | Killed a deep elf blademaster
 31773 | Elf:3    | Noticed a deep elf master archer
 31778 | Elf:3    | Killed a deep elf master archer
 32470 | Elf:3    | Noticed a deep elf blademaster
 32470 | Elf:3    | Noticed a deep elf blademaster
 32470 | Elf:3    | Noticed a deep elf master archer
 32471 | Elf:3    | Noticed a deep elf master archer
 32480 | Elf:3    | Killed a deep elf blademaster
 32490 | Elf:3    | Killed a deep elf blademaster
 32493 | Elf:3    | Killed a deep elf master archer
 32499 | Elf:3    | Killed a deep elf master archer
 32649 | Elf:3    | Found the macabre finger necklace {rN+}
 32693 | Elf:3    | Identified the Compendium of Execration and Lightness
 32915 | D:9      | Bought the +10 Black Knight's horse barding {ponderous,
                  | rPois rN+} for 951 gold pieces
 32915 | D:9      | Found the +10 Black Knight's horse barding {ponderous,
                  | rPois rN+}
 32932 | D:9      | Was placed under penance by the Shining One
 33045 | D:3      | Fell from the grace of the Shining One
 33045 | D:3      | Became a worshipper of Warmaster Okawaru
 33309 | Snake:1  | Entered Level 1 of the Snake Pit
 33339 | Snake:1  | Reached skill level 10 in Armour
 33348 | Snake:1  | Reached skill level 12 in Axes
 33355 | Snake:1  | Reached * piety under Okawaru
 34397 | Snake:2  | Found a transporter.
 34398 | Snake:2  | Found a transporter.
 34403 | Snake:2  | Found a transporter.
 34511 | Snake:2  | Found a shattered altar of Ashenzari.
 34639 | Snake:2  | Found a transporter.
 34656 | Snake:2  | Reached ** piety under Okawaru
 34939 | Snake:2  | Found Telor's Armour Boutique.
 35349 | Snake:3  | Reached *** piety under Okawaru
 35390 | Snake:3  | Found Fuoric's Gadget Boutique.
 35391 | Snake:3  | Found Tudiogij's Food Boutique.
 35393 | Snake:3  | Found Lyqacane's General Store.
 35393 | Snake:3  | Found Favvexawoi's Distillery.
 35435 | Snake:3  | Bought a potion of heal wounds for 80 gold pieces
 35626 | Snake:3  | Reached XP level 18. HP: 178/178 MP: 19/19
 35713 | Snake:3  | Found a runed translucent door.
 36069 | Snake:4  | Entered Level 4 of the Snake Pit
 36170 | Snake:4  | Reached **** piety under Okawaru
 36962 | Snake:4  | Reached ***** piety under Okawaru
 37367 | Snake:4  | Received a gift from Okawaru
 37616 | Snake:4  | Received a gift from Okawaru
 37788 | Snake:4  | Received a gift from Okawaru
 37866 | Snake:4  | Got a serpentine rune of Zot
 38361 | Depths:1 | Entered Level 1 of the Depths
 38742 | Depths:1 | Identified the +2 plate armour of Wanyneom {rC+ Regen+}
                  | (You found it on level 1 of the Depths)
 39633 | Depths:1 | Found a gateway to Hell.
 39736 | Depths:1 | Reached XP level 19. HP: 190/190 MP: 20/20
 40118 | Depths:2 | Found Doph's General Store.
 40124 | Depths:1 | Received a gift from Okawaru
 40155 | Depths:2 | Found a one-way gate to the infinite horrors of the Abyss.
 40507 | D:14     | Found a gate to the Vaults.
 40591 | Vaults:1 | Entered Level 1 of the Vaults
 41250 | Vaults:1 | Reached ****** piety under Okawaru
 41250 | Vaults:1 | Received a gift from Okawaru
 41443 | Vaults:1 | Received a gift from Okawaru
 41556 | Vaults:1 | Noticed Asterion
 41582 | Vaults:1 | Killed Asterion
 41997 | Vaults:1 | Reached skill level 13 in Axes
 42601 | Vaults:2 | Found Mel Load's Antique Weapon Emporium.
 42804 | Vaults:2 | Received a gift from Okawaru
 42989 | Vaults:2 | Reached skill level 14 in Axes
 43208 | Vaults:2 | HP: 7/190 [sun demon[an ironheart preserver] (16)]
 43643 | Vaults:2 | Noticed a Tzitzimitl
 43650 | Vaults:2 | Noticed a Brimstone Fiend
 44001 | Vaults:2 | Received a gift from Okawaru
 44001 | Vaults:2 | Reached XP level 20. HP: 198/198 MP: 21/21
 44289 | Vaults:2 | Received a gift from Okawaru
 44419 | Vaults:2 | Found Lexkaeleats's Antique Armour Shop.
 44453 | Vaults:2 | Reached skill level 15 in Axes
 44732 | Vaults:2 | Found Toen's Assorted Antiques.
 44740 | Vaults:2 | Bought an iridescent war axe for 382 gold pieces
 44740 | Vaults:2 | Identified the cursed +2 war axe of Destruction {pain, +Fly
                  | MP+9} (You bought it in a shop on level 2 of the Vaults)
 45061 | Vaults:2 | Found Xoj Kiwa's Jewellery Shop.
 45076 | Vaults:2 | Bought the cursed ring "Iklese" {rF+ MR+ AC-2 Int+3 Dex+3}
                  | for 401 gold pieces
 45448 | Vaults:3 | Reached skill level 16 in Axes
 45527 | Vaults:3 | Found a staircase to the Crypt.
 45527 | Vaults:3 | Found an ancient bone altar of Kikubaaqudgha.
 45528 | Vaults:3 | Found a basalt altar of Yredelemnul.
 45873 | Vaults:3 | Received a gift from Okawaru
 46119 | Vaults:3 | Received a gift from Okawaru
 46362 | Vaults:3 | Received a gift from Okawaru
 46896 | Vaults:4 | Reached skill level 17 in Axes
 47415 | Vaults:4 | Reached XP level 21. HP: 204/205 MP: 22/22
 47479 | Vaults:4 | Reached skill level 18 in Axes
 47684 | Vaults:4 | Cast into level 2 of the Abyss (hell knight)
 47684 | Abyss:2  | Found a corrupted altar of Lugonu.
 47721 | Abyss:2  | Identified the +4 battleaxe of Plog {freeze, Dex+3} (You
                  | found it on level 2 of the Abyss)
 47778 | Abyss:2  | Received a gift from Okawaru
 48076 | Abyss:2  | Paralysed by accursed screaming for 1 turns
 48255 | Vaults:4 | Escaped the Abyss
 48818 | Vaults:4 | Reached skill level 19 in Axes
 49115 | Vaults:5 | Entered Level 5 of the Vaults
 49123 | Vaults:5 | Received a gift from Okawaru
 49574 | Vaults:5 | Received a gift from Okawaru
 49783 | Vaults:5 | Cast into level 2 of the Abyss (a deep elf sorcerer)
 49787 | Abyss:2  | Got a bound bone ring
 49919 | Abyss:2  | Reached skill level 20 in Axes
 49985 | Vaults:5 | Escaped the Abyss
 49991 | Vaults:5 | Identified the ring of the Queen {*Drain +Blink Dex+3
                  | Stlth+}
 50071 | Vaults:5 | Reached XP level 22. HP: 50/213 MP: 23/23
 50426 | Vaults:5 | Identified the +7 spear of Lutwoth {holy, Int+4 Dex+7}
 50453 | Vaults:5 | Received a gift from Okawaru
 50543 | Vaults:5 | Received a gift from Okawaru
 50970 | Vaults:5 | Reached skill level 21 in Axes
 50989 | Vaults:5 | Identified the ring "Mitahoz" {+Blink rPois rF+ rC- Str+9}
                  | (You found it on level 2 of the Abyss)
 51134 | Vaults:5 | Received a gift from Okawaru
 51142 | Vaults:5 | Identified the +0 long sword "Demonbane" {holy, rElec Str+2
                  | Int+2 Dex-5}
 51265 | Vaults:5 | Received a gift from Okawaru
 52053 | Vaults:5 | Reached skill level 22 in Axes
 52313 | Vaults:5 | Received a gift from Okawaru
 52426 | Vaults:5 | Received a gift from Okawaru
 52561 | Vaults:5 | Identified the Compendium of Dislocated Protection
 52650 | Vaults:5 | Received a gift from Okawaru
 52663 | Vaults:5 | Reached XP level 23. HP: 79/221 MP: 17/24
 53050 | Vaults:5 | Got a polished hat
 53061 | Vaults:5 | Identified the cursed +0 hat of the Pleiades {rPois rC++
                  | Regen+ Dex-3} (You found it on level 5 of the Vaults)
 53183 | Vaults:5 | Received a gift from Okawaru
 53698 | Vaults:5 | Reached skill level 1 in Invocations
 53760 | Vaults:5 | Got a silver rune of Zot
 54006 | Vaults:5 | Got an iridescent broad axe
 54010 | Vaults:5 | Identified the +6 broad axe of Iconoclasm {chop, Str-2
                  | Int+5} (You found it on level 5 of the Vaults)
 54024 | Vaults:5 | Got an iridescent hand axe
 54034 | Vaults:5 | Identified the cursed +0 hand axe "Tesi" {chop, +Blink rF-
                  | Str+2 Dex+6} (You found it on level 5 of the Vaults)
 54527 | Snake:2  | Bought the +0 cloak "Jaxuelav" {-Cast *Corrode rElec Dex+8}
                  | for 385 gold pieces
 54942 | Depths:2 | Reached skill level 5 in Invocations
 55094 | Depths:2 | Bought a scroll of teleportation for 54 gold pieces
 55094 | Depths:2 | Bought a scroll of identify for 36 gold pieces
 55170 | Depths:2 | Received a gift from Okawaru
 55327 | Depths:2 | Found a corrupted altar of Lugonu.
 55486 | Depths:2 | Noticed Polaczum's ghost (adept TrMo)
 55487 | Depths:2 | Noticed an ancient lich
 55511 | Depths:2 | Found a runed translucent door.
 55521 | Depths:2 | Found a runed translucent door.
 55541 | Depths:2 | Killed Polaczum's ghost
 55553 | Depths:2 | Killed an ancient lich
 55572 | Depths:2 | Received a gift from Okawaru
 55586 | Depths:2 | Identified the +2 helmet of Tumec {Int+7} (You found it on
                  | level 2 of the Depths)
 56115 | Depths:2 | Identified the cursed +1 chain mail of the Many Planets
                  | {rPois} (You found it on level 2 of the Depths)
 56205 | Depths:2 | Found a one-way gate leading to the halls of Pandemonium.
 56215 | Depths:2 | Reached skill level 10 in Invocations
 56641 | Depths:3 | Reached skill level 5 in Evocations
 56723 | Depths:3 | Received a gift from Okawaru
 57133 | Depths:3 | Found a glowing silver altar of Zin.
 57161 | Depths:3 | Received a gift from Okawaru
 57261 | Depths:3 | Identified The Lost Secrets of Wizardry
 57425 | Depths:3 | Received a gift from Okawaru
 57764 | Depths:4 | Reached XP level 24. HP: 202/228 MP: 30/30
 57809 | Depths:4 | Found a shattered altar of Ashenzari.
 57874 | Depths:4 | Noticed a juggernaut
 57895 | Depths:4 | Killed a juggernaut
 57896 | Depths:4 | Reached skill level 10 in Evocations
 57956 | Depths:4 | Found a glowing silver altar of Zin.
 57972 | Depths:4 | Identified the +0 scale mail of Buagh {*Drain rPois rF+
                  | MR+}
 59283 | Slime:1  | Entered Level 1 of the Pits of Slime
 59375 | Slime:2  | Reached skill level 23 in Axes
 59635 | Slime:4  | Gained mutation: You tend to lose your temper in combat. [a
                  | shining eye]
 59804 | Slime:5  | Entered Level 5 of the Pits of Slime
 59891 | Slime:5  | Gained mutation: Scrolls take you a little longer to read.
                  | [a shining eye]
 59902 | Slime:5  | Lost mutation: You tend to lose your temper in combat.
                  | [potion of mutation]
 59902 | Slime:5  | Lost mutation: Your mind is acute. (Int +2) [potion of
                  | mutation]
 59902 | Slime:5  | Gained mutation: You occasionally shout uncontrollably at
                  | your foes. [potion of mutation]
 59902 | Slime:5  | Gained mutation: You are robust. (+10% HP) [potion of
                  | mutation]
 59902 | Slime:5  | Gained mutation: Your movements are slightly less
                  | encumbered by armour. (ER -2) [potion of mutation]
 59954 | Slime:5  | Paralysed by a floating eye for 4 turns
 59980 | Slime:5  | Received a gift from Okawaru
 61787 | Slime:5  | Noticed the Royal Jelly
 61821 | Slime:5  | Lost mutation: You are robust. (+10% HP) [a shining eye]
 61882 | Slime:5  | Found a viscous altar of Jiyva.
 61913 | Slime:5  | Killed the Royal Jelly
 61913 | Slime:5  | Received a gift from Okawaru
 61913 | Slime:5  | Reached skill level 24 in Axes
 61940 | Slime:5  | Lost mutation: Scrolls take you a little longer to read.
                  | [potion of mutation]
 61940 | Slime:5  | Lost mutation: Your muscles are strong. (Str +2) [potion of
                  | mutation]
 61940 | Slime:5  | Lost mutation: Your movements are slightly less encumbered
                  | by armour. (ER -2) [potion of mutation]
 61940 | Slime:5  | Lost mutation: You occasionally shout uncontrollably at
                  | your foes. [potion of mutation]
 61940 | Slime:5  | Gained mutation: Your movements are slightly less
                  | encumbered by armour. (ER -2) [potion of mutation]
 61940 | Slime:5  | Gained mutation: You tend to lose your temper in combat.
                  | [potion of mutation]
 61940 | Slime:5  | Lost mutation: You tend to lose your temper in combat.
                  | [potion of mutation]
 61987 | Slime:5  | Identified the +0 cloak of Qaeshap {*Corrode rElec rPois
                  | Int+7} (You found it on level 5 of the Pits of Slime)
 62027 | Slime:5  | Identified the ring "Opruhier" {rF+ rN+ MP-9 Int+3} (You
                  | found it on level 5 of the Pits of Slime)
 62054 | Slime:5  | Identified the ring "Ydollu" {rPois Str-3 Int+3 SInv} (You
                  | found it on level 5 of the Pits of Slime)
 62064 | Slime:5  | Got a slimy rune of Zot
 62742 | Depths:4 | Found a hazy altar of Hepliaklqana.
 62989 | Depths:4 | Reached XP level 25. HP: 97/236 MP: 31/31
 64071 | Depths:4 | Identified the +0 pair of gloves "Piaro" {MR- Int+3 Dex+2
                  | Slay+2} (You found it on level 4 of the Depths)
 64085 | Depths:4 | Identified the +0 centaur barding of the Sparrow {rF+ rC+
                  | Int+4} (You found it on level 4 of the Depths)
 64147 | Depths:4 | Found a basalt altar of Yredelemnul.
 64391 | Depths:4 | You fall through a shaft!
 64391 | Depths:5 | Entered Level 5 of the Depths
 64481 | Depths:5 | Identified the +2 centaur barding "Esmex" {*Contam *Drain
                  | rElec rF+++} (You acquired it on level 5 of the Depths)
 64781 | Depths:4 | Reached skill level 5 in Dodging
 65056 | Depths:5 | Received a gift from Okawaru
 65229 | Depths:5 | Reached skill level 25 in Axes
 65400 | Depths:5 | Received a gift from Okawaru
 65432 | Depths:5 | Found a gateway to a ziggurat.
 65441 | Depths:5 | Cast into level 4 of the Abyss (a lich)
 65441 | Abyss:4  | Found a corrupted altar of Lugonu.
 65738 | Abyss:4  | Paralysed by accursed screaming for 1 turns
 65816 | Abyss:4  | Paralysed by accursed screaming for 1 turns
 65962 | Abyss:4  | Received a gift from Okawaru
 66123 | Abyss:4  | Found a deep blue altar of Sif Muna.
 66183 | Abyss:4  | Identified the Disquisition on the Escort
 66337 | Abyss:4  | Received a gift from Okawaru
 66397 | Abyss:5  | Entered Level 5 of the Abyss
 66541 | Abyss:5  | Received a gift from Okawaru
 66541 | Abyss:5  | Reached skill level 26 in Axes
 66551 | Depths:5 | Escaped the Abyss
 66822 | Depths:4 | HP: 10/236 [acid (7)]
 66845 | Depths:4 | HP: 3/236 [caustic shrike (13)]
 66845 | Depths:4 | Splashed by a caustic shrike's acid

Skill      XL: |  1  2  3  4  5  6  7  8  9 10 11 12 13 14 15 16 17 18 19 20 21 22 23 24 25 |
---------------+----------------------------------------------------------------------------+-----
Bows           | 6 7 8 9 10 12 14 15 16 17 18 20 21 | 21.9
Armour         | 1 2 3 4 5 7 9 10 11 | 11.9
Fighting       | 3 4 5 6 7 8 10 12 14 17 18 20 21 | 21.4
Dodging        | 2 3 4 6 |  6.5
Axes           | 2 5 6 8 10 11 12 14 17 20 22 24 26 | 26.0
Throwing       | 2 |  2.4
Evocations     | 1 9 10 | 10.9
Invocations    | 10 | 10.0
Stealth        | |  0.4

Action                   |  1- 3 |  4- 6 |  7- 9 | 10-12 | 13-15 | 16-18 | 19-21 | 22-24 | 25-27 || total
-------------------------+-------+-------+-------+-------+-------+-------+-------+-------+-------++-------
Melee: Short sword       |    10 |       |       |       |       |       |       |       |       ||    10
       Kick              |     2 |       |     4 |    15 |    16 |     8 |   157 |   289 |   167 ||   658
       Battleaxe         |       |       |    11 |    71 |    51 |    34 |   320 |   496 |       ||   983
       Executioner's axe |       |       |       |       |       |       |       |    17 |   327 ||   344
 Fire: Shortbow          |   133 |   101 |   340 |   845 |   330 |       |       |       |       ||  1749
       Longbow           |       |       |       |       |   876 |  1323 |  1721 |  1001 |   225 ||  5146
Throw: Stone             |       |       |    22 |     7 |     4 |       |       |       |       ||    33
       Throwing net      |       |       |       |       |     3 |     1 |       |       |       ||     4
Invok: Brand Weapon With |       |       |       |       |       |     1 |       |       |       ||     1
       Heroism           |       |       |       |       |       |       |     2 |     1 |     1 ||     4
       Finesse           |       |       |       |       |       |       |     1 |     2 |     3 ||     6
 Abil: Evoke Invisibilit |       |       |       |       |       |       |       |       |     3 ||     3
Evoke: Lightning rod     |       |       |       |     7 |       |       |     2 |       |       ||     9
       Wand              |       |       |       |     8 |     3 |     2 |       |       |       ||    13
  Use: Scroll            |     3 |     4 |     2 |     1 |    41 |    21 |    19 |    23 |     9 ||   123
       Potion            |       |       |     1 |     3 |       |     6 |     8 |    11 |     9 ||    38
 Stab: Distracted        |       |       |       |       |       |       |     1 |       |       ||     1
       Invisible         |       |       |       |       |       |       |       |       |    12 ||    12
  Eat: Chunk             |     2 |     2 |     7 |    11 |    25 |    17 |    16 |     5 |     2 ||    87
       Ration            |       |       |       |     2 |     2 |     4 |     4 |     8 |     3 ||    23
Armor: Leather armour    |    30 |     5 |    29 |   169 |    71 |       |       |       |       ||   304
       Ring mail         |     4 |     4 |       |       |       |       |       |       |       ||     8
       Chain mail        |       |       |       |       |   124 |   448 |   686 |   596 |   283 ||  2137
Dodge: Dodged            |    31 |    14 |    39 |   219 |   107 |   234 |   518 |   289 |   136 ||  1587
       Deflected         |       |       |       |       |       |    68 |   123 |    17 |       ||   208
